 Dungeon Sprint DCSS version 0.24.0-13-gcf9b319 (webtiles) character file.

Game seed: 13574108775052466105, levelgen mode: deterministic

2183 Fang the Fighter (level 9, -3/63 HPs)
             Began as a Gargoyle Berserker on Dec 9, 2019.
             Was a High Priest of Trog.
             Slain by a death cob (11 damage)
             ... in the Dungeon (Sprint V: "Ziggurat Sprint").
             The game lasted 00:01:22 (404 turns).

Fang the Fighter (Gargoyle Berserker)                Turns: 404, Time: 00:01:23

Health: -3/63      AC: 36    Str: 35    XL:     9   Next: 33%
Magic:  9/9        EV:  6    Int:  9    God:    Trog [*****.]
Gold:   0          SH: 31    Dex:  9    Spells: 8/8 levels left

rFire    . . .     SeeInvis .   a - +5 broad axe
rCold    . . .     Gourm    .   E - +18 shield of the Gong {rElec rN+ MR+ EV-5}
rNeg     + + .     Faith    .   b - +15 Maxwell's patent armour {-Cast -Tele rElec MR+ rCorr}
rPois    ∞         Spirit   .   (no helmet)
rElec    +         Reflect  .   (no cloak)
rCorr    +         Harm     .   (no gloves)
MR       ++...     NoTele   +   (no boots) Stlth ..........NoCast +
                                (no amulet)
HPRegen  0.20/turn              C - +6 ring of strength
MPRegen  0.11/turn              D - +6 ring of strength

@: berserk cooldown, slowed, very slow
A: negative energy resistance 1, electricity resistance, unbreathing,
petrification resistance, rot immunity, AC +6
a: Berserk, Trog's Hand, Brothers in Arms, Renounce Religion


You were in the Dungeon.
You worshipped Trog.
Trog was extremely pleased with you.
You were hungry.

You visited 1 branch

Inventory:

Hand Weapons
 a - a +5 broad axe (weapon)
Armour
 b - the +15 Maxwell's patent armour (worn) {-Cast -Tele rElec MR+ rCorr}
   (You found it in the Dungeon)

   It insulates you from electricity.
   It affects your resistance to hostile enchantments.
   It prevents spellcasting.
   It prevents most forms of teleportation.
   It provides partial protection from all sources of acid and corrosion.
 E - the +18 shield of the Gong (worn) {rElec rN+ MR+ EV-5}
   (You found it in the Dungeon)

   It affects your evasion (-5).
   It insulates you from electricity.
   It protects you from negative energy.
   It affects your resistance to hostile enchantments.
Jewellery
 C - a +6 ring of strength (left hand)
 D - a +6 ring of strength (right hand)
Wands
 u - a wand of disintegration (7)
 v - a wand of iceblast (7)
 w - a wand of acid (7)
Scrolls
 i - 4 scrolls of blinking
 j - 7 scrolls of fog
 k - a scroll of holy word
 l - 5 scrolls of identify
 m - 5 scrolls of remove curse
 n - 2 scrolls of fear
 o - a scroll of brand weapon
Potions
 d - 10 potions of curing
 e - 9 potions of heal wounds
 f - 6 potions of haste
 h - 3 potions of berserk rage
 p - 2 potions of invisibility
 q - 4 potions of resistance
 r - a potion of experience
 s - 5 potions of agility
 t - 5 potions of might
Comestibles
 c - 7 rations
 g - 11 chunks of flesh


   Skills:
 + Level 10.7 Fighting
 + Level 9.1 Axes
 + Level 10.4 Armour
 + Level 8.0 Dodging
 + Level 10.1 Shields


You had 8 spell levels left.
You didn't know any spells.
Your spell library was empty.

Dungeon Overview and Level Annotations

Branches:
Dungeon (1/1)

Altars:
Ashenzari
Cheibriados
Dithmenos
Elyvilon
Fedhas
Gozag
Hepliaklqana
Kikubaaqudgha
Makhleb
Nemelex Xobeh
Okawaru
Qazlal
Ru
Sif Muna
Trog
Uskayaw
Vehumet
Wu Jian
Xom
Yredelemnul
Zin
The Shining One
Beogh
Jiyva
Lugonu

Annotations:
D 1 transporter


Innate Abilities, Weirdness & Mutations

You are resistant to torment.
Your stone body is resilient. (AC +6)
You are immune to poison.
You resist negative energy. (rN+)
You are resistant to electric shocks. (rElec)
You can survive without breathing.
You are immune to petrification.
You are immune to rotting.


Message History

The draconian is heavily wounded.
You closely miss the green draconian. You closely miss the draconian.
You miss the death cob. You slash the draconian!
You kill the draconian!
Trog accepts your kill.
Your Axes skill increases to level 9!
Your Dodging skill increases to level 8!
Your Shields skill increases to level 10!
You block the death cob's attack.
SHROANNG!
The death cob hits you!!
* * * LOW HITPOINT WARNING * * *
The death cob drains your vigour!
You feel as though you will be slow longer.
You block the green draconian's attack.
GONNNNG!
You block the green draconian's attack.
GONNNNG!
The death cob hits you!
You die...

▓▓▓▓▓▓▓▓▓
▓..8©8..▓
▓..:||..▓
▓...[?..▓
▓.......▓
▓.......▓
▓.......▓
▓..dz)..▓
▓.▓d@d▓.▓
▓...©...▓
▓▓▓▓▓▓▓▓▓


You could see a green draconian, a death cob and 2 draconians.

Vanquished Creatures
  2 draconians (D)
  4 merfolk (D)
  2 hell hounds (D)
  An ice beast (D)
  2 wights (D)
  2 quasits (D)
  An orc priest (D)
  An iron imp (D)
  2 orc wizards (D)
  A white imp (D)
  An adder zombie (D)
  3 orcs (D)
  2 giant cockroach simulacra (D)
  A quokka skeleton (D)
  A quokka zombie (D)
26 creatures vanquished.

Notes
Turn   | Place    | Note
-------+----------+-------------------------------------------
     0 | D        | Fang the Gargoyle Berserker began the quest for the Orb.
     0 | D        | Reached XP level 1. HP: 14/14 MP: 1/1
     1 | D        | Found a blossoming altar of Fedhas.
     2 | D        | Found the +6 Majin-Bo {vamp, Archmagi MP+6 Int+6}
     2 | D        | Found the +7 great mace "Firestarter" {inner flame, rF++}
     3 | D        | Found a viscous altar of Jiyva.
     3 | D        | Found a hazy altar of Hepliaklqana.
     3 | D        | Found a transporter.
     3 | D        | Found an opulent altar of Gozag.
     3 | D        | Found an ancient bone altar of Kikubaaqudgha.
     3 | D        | Found a corrupted altar of Lugonu.
    17 | D        | Found a burning altar of Makhleb.
    19 | D        | Found an iron altar of Okawaru.
    19 | D        | Found a stormy altar of Qazlal.
    19 | D        | Found a sparkling altar of Nemelex Xobeh.
    19 | D        | Found a sacrificial altar of Ru.
    19 | D        | Found a shimmering blue altar of Sif Muna.
    25 | D        | Found the +9 heavy crossbow "Sniper" {velocity, Acc+∞ SInv}
    25 | D        | Found the +10 dark maul {crush}
    25 | D        | Found the +15 Maxwell's patent armour {-Cast -Tele rElec
                  | MR+ rCorr}
    25 | D        | Found the +18 shield of the Gong {rElec rN+ MR+ EV-5}
    25 | D        | Found the cursed +14 obsidian axe {chop, +Fly SInv *Curse}
    31 | D        | Found a bloodstained altar of Trog.
    78 | D        | Entered arena 2.
    78 | D        | Noticed a hell hound
    78 | D        | Noticed a hell hound
    78 | D        | Found a transporter.
    83 | D        | Killed a hell hound
    83 | D        | Reached skill level 5 in Fighting
    83 | D        | Reached XP level 2. HP: 21/21 MP: 2/2
    83 | D        | Reached XP level 3. HP: 26/26 MP: 3/3
    83 | D        | Reached XP level 4. HP: 31/31 MP: 4/4
    84 | D        | Killed a hell hound
    84 | D        | Reached skill level 5 in Axes
    84 | D        | Reached skill level 5 in Shields
    84 | D        | Reached XP level 5. HP: 37/37 MP: 5/5
   242 | D        | Entered arena 3.
   242 | D        | Found a transporter.
   245 | D        | Reached ** piety under Trog
   245 | D        | Reached XP level 6. HP: 40/42 MP: 6/6
   249 | D        | Reached skill level 5 in Dodging
   254 | D        | Entered arena 4.
   254 | D        | Noticed a merfolk
   254 | D        | Noticed a merfolk
   254 | D        | Noticed a merfolk
   254 | D        | Noticed a merfolk
   254 | D        | Found a transporter.
   267 | D        | Killed a merfolk
   267 | D        | Reached *** piety under Trog
   267 | D        | Reached XP level 7. HP: 41/49 MP: 7/7
   269 | D        | Killed a merfolk
   278 | D        | Killed a merfolk
   278 | D        | Reached XP level 8. HP: 49/56 MP: 8/8
   286 | D        | Killed a merfolk
   313 | D        | Entered arena 5.
   313 | D        | Found a transporter.
   314 | D        | Found the +8 demon blade "Bloodbane" {slice, *Rage +Rage
                  | Stlth-}
   316 | D        | Reached **** piety under Trog
   320 | D        | Received a gift from Trog
   335 | D        | Entered arena 6.
   335 | D        | Found a transporter.
   341 | D        | Reached ***** piety under Trog
   342 | D        | Received a gift from Trog
   344 | D        | Received a gift from Trog
   354 | D        | Entered arena 7.
   355 | D        | Found a transporter.
   389 | D        | Entered arena 8.
   389 | D        | Noticed a draconian
   389 | D        | Noticed a draconian
   389 | D        | Noticed a green draconian
   389 | D        | Noticed a draconian
   389 | D        | Noticed a draconian
   389 | D        | Noticed a death cob
   390 | D        | Found a transporter.
   401 | D        | Killed a draconian
   401 | D        | Reached skill level 10 in Fighting
   401 | D        | Reached skill level 10 in Armour
   401 | D        | Reached XP level 9. HP: 5/62 MP: 9/9
   404 | D        | Killed a draconian
   404 | D        | Reached skill level 10 in Shields
   404 | D        | Slain by a death cob

Levels and vault maps discovered:
D:        sprint_v [room_start, room_1, room_2, room_3, room_4, room_5, room_6,
          room_7, room_8, room_9, room_10, room_11, room_12, room_13, room_14,
          room_15, room_16, room_17, room_18, room_19, room_20, room_21,
          room_22, room_23, room_24, room_25, room_26, room_27]

Skill      XL: |  1  2  3  4  5  6  7  8  9 |
---------------+----------------------------+-----
Fighting       | 5 6 8 9 10 | 10.7
Axes           | 4 5 6 7 8 9 |  9.1
Armour         | 4 6 7 8 10 | 10.4
Dodging        | 3 4 5 6 7 8 |  8.0
Shields        | 4 5 7 8 9 10 | 10.1

Action                   |  1- 3 |  4- 6 |  7- 9 || total
-------------------------+-------+-------+-------++-------
Melee: Broad axe         |     4 |    17 |    50 ||    71
Invok: Berserk           |     1 |       |     1 ||     2
  Use: Potion            |       |       |     1 ||     1
Armor: Plate armour      |     4 |    32 |    47 ||    83
Dodge: Dodged            |       |     5 |     7 ||    12
Block: Shield            |     6 |    49 |    95 ||   150
